 Dungeon Crawl Stone Soup version 0.17-a0-18-gc25b939 (console) character file.

5903 Monkaria the Cleaver (level 10, -1/91 HPs)
             Began as a Hill Orc Abyssal Knight on Mar 10, 2015.
             Was the Champion of Lugonu.
             Slain by an orc warrior
             ... wielding a +0 long sword
              (16 damage)
             ... on level 8 of the Dungeon.
             The game lasted 00:24:57 (8273 turns).

Monkaria the Cleaver (Hill Orc Abyssal Knight)      Turns: 8273, Time: 00:24:57

Health: -1/91      AC: 18    Str: 17    XL:     10   Next: 82%
Magic:  22/22      EV:  9    Int: 16    God:    Lugonu [******]
Gold:   590        SH:  0    Dex: 11    Spells: 0 memorised, 9 levels left

rFire  . . .     SeeInvis .     M - +0 battleaxe
rCold  . . .     Clarity  .     v - +0 chain mail
rNeg   . . .     SustAb   .     (no shield)
rPois  .         Gourm    .     (helmet restricted)
rElec  .         Spirit   .     g - +0 cloak
rCorr  .         Warding  .     b - +0 pair of gloves
rMut   .         Stasis   .     (no boots)
MR     .....                    e - amulet of faith
Stlth  ..........               (no ring)
                                x - +4 ring of intelligence

@: not resistant to hostile enchantments, extremely unstealthy
A: horns 1, rough black scales 1, placid magic 2
a: Depart the Abyss, Bend Space, Banish, Corrupt, Enter the Abyss, Renounce
Religion


You were on level 8 of the Dungeon.
You worshipped Lugonu.
Lugonu was exalted by your worship.
You were not hungry.

You visited 2 branches of the dungeon, and saw 9 of its levels.
You visited the Abyss 1 time.
You also visited: Ossuary.

You collected 590 gold pieces.

Inventory:

Hand weapons
 f - the +2 spear "Waugg" {speed, *Rage rF+ Dex+3 SInv}
   (You found it on level 8 of the Dungeon)

   Attacks with this weapon are significantly faster.
   It affects your dexterity (+3).
   It protects you from fire.
   It enhances your eyesight.
   It may make you go berserk in combat.
 p - a +0 blowgun
 w - a +2 hand axe of flaming
 M - a +0 battleaxe (weapon)
Missiles
 r - 20 poisoned needles
Armour
 b - a +0 pair of gloves (worn)
 g - a +0 cloak (worn)
 v - a +0 chain mail (worn)
Jewellery
 e - an amulet of faith (around neck)
 l - an uncursed amulet of stasis
 o - an uncursed ring of fire
 x - a +4 ring of intelligence (left hand)
Magical devices
 D - a wand of slowing (48)
 F - a wand of random effects (29)
 H - a wand of polymorph (12)
 K - a wand of fire (2)
 R - a wand of frost (12)
Scrolls
 a - 4 scrolls of blinking
 d - a scroll of recharging
 m - 7 scrolls of remove curse
 q - a scroll of fog
 t - a scroll of amnesia
 y - 5 scrolls of teleportation
 C - a scroll of enchant weapon {unknown}
 G - 2 scrolls of enchant armour {unknown}
 N - a scroll of acquirement {unknown}
 Q - a scroll of torment {unknown}
Potions
 i - 2 potions of cancellation
 k - 4 potions of curing
 u - 3 potions of haste
 A - 2 potions of restore abilities
 B - a potion of ambrosia {unknown}
 E - a potion of brilliance
 I - a potion of magic
 L - 2 potions of berserk rage
 O - a potion of resistance {unknown}
 P - a potion of heal wounds
Books
 J - a book of Summonings

   Spells                             Type                      Level
   a - Abjuration                     Summoning                    3
   b - Recall                         Summoning/Translocation      3
   c - Shadow Creatures               Summoning                    5
   d - Summon Demon                   Summoning                    5
   e - Summon Forest                  Summoning/Translocation      5
   f - Monstrous Menagerie            Summoning                    6
Comestibles
 c - 5 meat rations
 h - 16 fruits
 j - 9 bread rations
 n - 3 slices of pizza
 s - a chunk of flesh
 z - 2 beef jerkies


   Skills:
 - Level 9.0 Fighting
 - Level 14.0 Axes
 - Level 9.1 Armour
 - Level 4.2 Dodging
 + Level 9.0 Invocations


You had 9 spell levels left.
You didn't know any spells.

Dungeon Overview and Level Annotations

Branches:
Dungeon (8/15)             Temple (1/1) D:4
   Lair: D:8-11

Altars:
Ashenzari
Cheibriados
Dithmenos
Elyvilon
Fedhas
Gozag
Kikubaaqudgha
Makhleb
Nemelex Xobeh
Okawaru
Qazlal
Ru
Sif Muna
Trog
Vehumet
Xom
Yredelemnul
Zin
The Shining One


Innate Abilities, Weirdness & Mutations

You have a pair of small horns on your head.
You are partially covered in rough black scales (AC +4, Dex -1).
Your spells are easier to cast, but less powerful.


Message History

The orc warrior barely misses you.
You slash the orc warrior!
The orc warrior is almost dead.
The orc warrior hits you with a long sword!
You barely miss the orc warrior.
The orc warrior is almost dead.
The orc warrior hits you but does no damage.
You hit the orc warrior but do no damage.
The orc warrior is almost dead.
You hit the orc warrior.
The orc warrior is almost dead.
The orc warrior hits you but does no damage.
You closely miss the orc warrior.
The orc warrior is almost dead.
The orc warrior hits you with a long sword!
* * * LOW HITPOINT WARNING * * *
You closely miss the orc warrior. Your headbutt misses the orc warrior.
The orc warrior is almost dead.
The orc warrior hits you with a long sword!
You die...

*,,,,,,,,*,*,*,**,*,*,*,*,,.*
****,,**,*,*,*,*,,,*,*,*,#..#
*,,>,,,*,*,*,*,**,*,*,#..#
**,**,,*,*,*,**,,,*,*,#..#
*****,**,,*,*,*,,,****,*,#..#
*,,,,,,,,,*,*,****,,,,,*,#..#
*,***,**,,*,*,,,,,######.#..#
# *,*
*,*,,,#.######.......#..####
*,*
*,*,,,#...o@).########......
*,*
*,,,,,########...........##.
*,*
****,,.o...............#.##.
*,* *,,,#####.###.#######.###
*,******,,** #.....# #.###
*,,,,,,,,** #.##### #....
****************,* #####
*,,,,,,,**,* *,,,,,,,,,,*


You could see an orc warrior.

Vanquished Creatures
  The ghost of bart the Insei, an experienced KoTm of Cheibriados (D:5)
  Grinder (D:5)
  10 yaks (D:6)
  A spriggan (D:8)
  Edmund (D:5)
  An ice beast (D:5)
  A necrophage (D:7)
  A sky beast (D:6)
  A black bear (D:6)
  2 orc warriors
  3 ogres
  3 centaurs
  Sigmund (D:4)
  5 giant frogs
  2 scorpions (D:6)
  2 jellies
  A centaur zombie (D:5)
  A crimson imp (D:7)
  A goliath beetle (D:7)
  A quasit (D:7)
  A giant frog skeleton (D:5)
  Crazy Yiuf (D:5)
  2 orc priests
  2 hounds (D:6)
  6 worker ants
  4 orc wizards
  2 iguanas
  8 mummies (Ossuary)
  A giant mite (D:2)
  2 shadow imps (D:6)
  9 adders
  A worm (D:4)
  An adder skeleton (D:4)
  5 giant geckos
  2 oozes (D:1)
  31 orcs
  A ball python (D:5)
  10 bats
  A bat skeleton (D:7)
  3 giant cockroaches
  22 goblins
  13 hobgoblins
  13 jackals
  9 kobolds
  5 quokkas
  A ball python skeleton (D:4)
  A giant gecko skeleton (D:7)
  6 giant newts
  2 gnoll zombies (Ossuary)
  3 hobgoblin zombies (Ossuary)
  A jackal zombie (D:6)
  A kobold zombie (Ossuary)
  A lurking horror (Abyss:1)
  2 orc zombies (Ossuary)
  12 rats
225 creatures vanquished.

Vanquished Creatures (others)
  2 starspawn tentacles (Abyss:1)
2 creatures vanquished.

Grand Total: 227 creatures vanquished

Notes
Turn   | Place    | Note
--------------------------------------------------------------
     0 | Abyss:1  | Monkaria, the Hill Orc Abyssal Knight, began the quest for the Orb.
     0 | Abyss:1  | Reached XP level 1. HP: 19/19 MP: 1/1
   170 | Abyss:1  | Noticed a tentacled starspawn
   173 | Abyss:1  | Noticed a ynoxinul
   174 | Abyss:1  | Noticed a balrug
   175 | D:1      | Escaped the Abyss
   248 | D:1      | Reached skill level 4 in Fighting
   250 | D:1      | Acquired Lugonu's first power
   254 | D:1      | Reached XP level 2. HP: 13/27 MP: 2/2
   887 | D:2      | Reached XP level 3. HP: 35/35 MP: 4/4
   909 | D:2      | Reached skill level 5 in Fighting
  1004 | D:2      | Acquired Lugonu's second power
  1163 | D:2      | Reached XP level 4. HP: 19/44 MP: 5/5
  1541 | D:2      | Found a sacrificial altar of Ru.
  1771 | D:2      | Reached skill level 6 in Fighting
  1986 | D:3      | Found a blossoming altar of Fedhas.
  2092 | D:3      | Gained mutation: Your spells are a little easier to cast, but a little less powerful. [potion of mutation]
  2092 | D:3      | Gained mutation: Your spells are easier to cast, but less powerful. [potion of mutation]
  2092 | D:3      | Gained mutation: You are partially covered in rough black scales (AC +4, Dex -1). [potion of mutation]
  2098 | D:3      | Reached XP level 5. HP: 19/50 MP: 6/6
  2102 | D:3      | Acquired Lugonu's third power
  2456 | D:3      | Found a glowing silver altar of Zin.
  2469 | D:3      | Found a stormy altar of Qazlal.
  2570 | D:3      | Found a basalt altar of Yredelemnul.
  2666 | D:3      | Found a radiant altar of Vehumet.
  3146 | D:4      | Noticed Sigmund
  3167 | D:4      | Killed Sigmund
  3167 | D:4      | Reached XP level 6. HP: 25/57 MP: 8/8
  3312 | D:4      | Found a staircase to the Ecumenical Temple.
  3357 | Temple   | Entered the Ecumenical Temple
  3563 | D:4      | Reached skill level 5 in Axes
  3711 | D:4      | Acquired Lugonu's fourth power
  4252 | D:4      | Acquired Lugonu's fifth power
  4276 | D:5      | Entered Level 5 of the Dungeon
  4287 | D:4      | Reached XP level 7. HP: 32/63 MP: 9/9
  4581 | D:5      | Noticed Crazy Yiuf
  4593 | D:5      | Killed Crazy Yiuf
  4593 | D:5      | Reached skill level 7 in Axes
  4626 | D:5      | Noticed Edmund
  4628 | D:5      | Noticed bart's ghost (experienced KoTm)
  4650 | D:5      | Killed Edmund
  4650 | D:5      | Reached skill level 8 in Axes
  4659 | D:5      | Killed bart's ghost
  4659 | D:5      | Reached skill level 9 in Axes
  4659 | D:5      | Reached XP level 8. HP: 24/70 MP: 10/10
  4714 | D:5      | Found an iron altar of Okawaru.
  4936 | D:5      | Noticed Grinder
  4957 | D:5      | Killed Grinder
  4957 | D:5      | Reached skill level 10 in Axes
  5144 | D:5      | Reached skill level 11 in Axes
  5481 | D:5      | Reached skill level 14 in Axes
  5481 | D:5      | Reached XP level 9. HP: 76/82 MP: 10/19
  5866 | D:6      | Gained mutation: You have a pair of small horns on your head. [mutagenic meat]
  5947 | D:6      | Found a shattered altar of Ashenzari.
  6192 | D:6      | Reached skill level 1 in Dodging
  6221 | D:6      | Reached XP level 10. HP: 74/91 MP: 20/20
  6323 | D:5      | HP: 4/91 [centaur (2)]
  7560 | D:7      | Found an iron altar of Okawaru.
  7750 | D:8      | Found a sand-covered staircase.
  7774 | D:8      | Got a transparent spear
  7811 | Ossuary  | Entered an ossuary
  8019 | D:8      | Identified the cursed +2 spear "Waugg" {speed, *Rage rF+ Dex+3 SInv} (You found it on level 8 of the Dungeon)
  8221 | D:8      | Found a sparkling altar of Nemelex Xobeh.
  8273 | D:8      | Slain by an orc warrior

Action                   |  1- 3 |  4- 6 |  7- 9 | 10-12 || total
-------------------------+-------+-------+-------+-------++-------
Melee: Hand axe          |    80 |   101 |       |       ||   181
       War axe           |       |   159 |   189 |   191 ||   539
       Battleaxe         |       |       |       |    77 ||    77
Invok: Depart the Abyss  |     1 |       |       |       ||     1
Evoke: Wand              |       |       |     3 |       ||     3
  Use: Potion            |       |     5 |     3 |     3 ||    11
       Scroll            |       |       |     8 |    13 ||    21
 Stab: Sleeping          |       |       |     1 |       ||     1
  Eat: Chunk             |       |    11 |     8 |     7 ||    26
